cohdb
Replays
Latest Replays
All Replays
Popular Replays
Top Player Replays
Match Explorer
How It Works
Community
CoH3 Stats
Reddit
Sign in to upload your games and track your stats! →
Sign in with Steam
Match 43754215
Unlisted
Match 43754215
Overview
Messages
Build Orders
End
250 Light Carrier
Panzerpioneer Squad
Construct Light Support Kompanie
Assault Grenadier Squad
MG34 Team
Combat Half-tracks
Fire Support Elements
Flakvierling Half-track
Pak 38 Anti-tank Gun Team
Assault Grenadier Squad
2.5-tonne Medical Truck
Selects Panzerjäger Kommand Battlegroup
Selects GrB 39 Grenade Launcher Requisition
Selects Mine Fields
Veteran Squad Leaders
Construct Panzerarmee Kommand
琵琵琶琶
heitorcorrea
Gremchick
Граф Гематоген
Supernatural
saveusyoda
WSSEichenLaub
TP21RDP
0
0
Comments
sign in to comment!
No comments posted yet!